 Dungeon Crawl Stone Soup version 0.29-a0-393-g47a863cc1b (webtiles) character file.

Game seed: 17747501432925809945

70 croobank the Stinger (level 4, -4/27 HPs)
             Began as an Octopode Venom Mage on May 10, 2022.
             Slain by a gnoll
             ... wielding a +0 flail
              (8 damage)
             ... on level 3 of the Dungeon.
             The game lasted 00:07:24 (2781 turns).

croobank the Stinger (Octopode Venom Mage)          Turns: 2781, Time: 00:07:25

Health: -4/27      AC:  1    Str:  7    XL:     4   Next: 21%
Magic:  1/7        EV: 13    Int: 19    God:
Gold:   76         SH:  0    Dex: 12    Spells: 2/8 levels left

rFire   . . .      SeeInvis .   a - +0 short sword
rCold   . . .      Faith    .   (no shield)
rNeg    . . .      Spirit   .   (helmet restricted)
rPois   .          Reflect  .   (no amulet)
rElec   .          Harm     .   (no ring)
rCorr   .          Rampage  .   (no ring)
Will    .....                   (no ring)
Stlth   +++.......              (no ring)
HPRegen 0.09/turn               (no ring)
MPRegen 0.10/turn               (no ring)
                                (no ring)
                                (no ring)

@: no status effects
A: almost no armour, amphibious, 8 rings, camouflage 1, gelatinous body 1,
(nimble swimmer 1), tentacles
a: no special abilities


You were on level 3 of the Dungeon.
You visited 1 branch of the dungeon, and saw 3 of its levels.

You collected 76 gold pieces.

Inventory:

Hand Weapons
 a - a +0 short sword (weapon)
 p - a +0 mace of protection
 r - a +0 hand axe
Missiles
 c - 79 stones
 l - 6 boomerangs
Scrolls
 f - 2 scrolls of teleportation
 k - a scroll of enchant weapon {unknown}
 t - a scroll of fog {unknown}
Potions
 b - a potion of heal wounds
 d - a potion of haste
 e - a potion of might
 g - a potion of cancellation
 h - a potion of magic
 j - a potion of degeneration {unknown}
 m - 4 potions of curing {unknown}
 o - 2 potions of brilliance {unknown}
 q - a potion of lignification {unknown}
 s - a potion of resistance {unknown}
 u - a potion of ambrosia {unknown}


   Skills:
 + Level 2.5 Dodging
 + Level 3.6 Stealth
 + Level 2.5 Spellcasting
 + Level 1.9 Transmutations
 + Level 4.2 Poison Magic


You had 2 spell levels left.
You knew the following spells:

 Your Spells              Type           Power      Damage    Failure   Level
a - Sting                 Tmut/Pois      56%        1d5       4%          1
b - Poisonous Vapours     Pois/Air       20%        N/A       11%         2
c - Mephitic Cloud        Conj/Pois/Air  7%         N/A       26%         3

Your spell library contained the following spells:

 Spells                   Type           Power      Damage    Failure   Level
 Animate Skeleton         Necr           4%         N/A       16%         1
 Apportation              Tloc           4%         N/A       16%         1
 Summon Small Mammal      Summ           8%         N/A       16%         1
 Olgreb's Toxic Radiance  Pois           18%        N/A       28%         4
 Call Canine Familiar     Summ           2%         N/A       43%         3
 Summon Lightning Spire   Summ/Air       2%         N/A       85%         4


Dungeon Overview and Level Annotations

Branches:
Dungeon (3/15)

Altars:


Innate Abilities, Weirdness & Mutations

You cannot wear most types of armour.
You are amphibious.
You can wear up to eight rings at the same time.
Your skin changes colour to match your surroundings (Stealth+).
Your rubbery body absorbs attacks. (AC +1, EV +1)
((You are camouflaged when in or above water. (Stealth+)))
You have tentacles for arms and can constrict up to eight enemies at once.


Message History

Casting: Sting (safe; 4% risk of failure)
Confirm with . or Enter, or press ? or * to list all spells.
Aiming: Sting (safe; 4% risk of failure)
Press: ? - help, Shift-Dir - straight line, f/p - gnoll
Aim: a gnoll, wielding a +0 club and quivering a throwing net (moderately wounded, very poisoned, 75% to hit)
You miscast Sting.
You are very lightly contaminated with residual magic.
Nothing appears to happen.
Casting: Sting (safe; 4% risk of failure)
Confirm with . or Enter, or press ? or * to list all spells.
Aiming: Poisonous Vapours (safe; 11% risk of failure)
Press: ? - help, Dir - move target, f - gnoll, p - gnoll
Aim: a gnoll, wielding a +0 club Poisonous vapours surround the gnoll!
The gnoll is poisoned.
The gnoll hits you with a +0 club.
You hit the gnoll. You grab the gnoll. You squeeze the gnoll.
The gnoll is almost dead.
You constrict the gnoll, but do no damage.
You kill the gnoll!
You have reached level 4!
You hit the gnoll but do no damage. Your grab misses the gnoll.
Your squeeze misses the gnoll.
The gnoll is moderately wounded.
The gnoll completely misses you.
You hit the gnoll. You grab the gnoll. You squeeze the gnoll.
You kill the gnoll!
You hit the gnoll but do no damage. You grab the gnoll.
You constrict the gnoll, but do no damage.
The gnoll hits you with a +0 flail!
You hit the gnoll.
The gnoll is moderately wounded.
You constrict the gnoll, but do no damage.
The gnoll hits you with a +0 flail!
* * * LOW HITPOINT WARNING * * *
Your magical contamination has completely faded away.
You hit the gnoll but do no damage.
The gnoll is moderately wounded.
You constrict the gnoll, but do no damage.
The gnoll hits you with a +0 flail!
You die...

?# .#.#
#.#.# #
#.#.#
#.#
#.#.#
##..
#.#.#
#..
#.#.#g#
#.#@#
#<#.#
#.#.#.#
#.#
#.#..
#.#
#.##.
#.# #..
.. #.#
.#. #
#.# # .
.#


You could see a gnoll.

Vanquished Creatures
  2 gnolls (D:3)
  A worm (D:2)
  3 dart slugs (D:1)
  2 ball pythons
  4 bats
  2 endoplasms (D:2)
  2 giant cockroaches (D:1)
  2 hobgoblins
  6 jackals (D:1)
  3 quokkas
  3 frilled lizards
  4 goblins
  2 kobolds
  4 rats (D:2)
40 creatures vanquished.

Notes
Turn   | Place    | Note
-------+----------+-------------------------------------------
     0 | D:1      | croobank the Octopode Venom Mage began the quest for the
                  | Orb.
     0 | D:1      | Reached XP level 1. HP: 11/11 MP: 3/3
    11 | D:1      | Got the Handbook of Companions
   232 | D:1      | Found a faded altar of an unknown god.
   241 | D:1      | Reached XP level 2. HP: 14/17 MP: 1/5
   244 | D:1      | Learned a level 2 spell: Poisonous Vapours
   714 | D:1      | Reached XP level 3. HP: 12/21 MP: 0/6
  1063 | D:1      | Reached skill level 4 in Poison Magic
  1964 | D:2      | Learned a level 3 spell: Mephitic Cloud
  2777 | D:3      | Reached XP level 4. HP: 20/27 MP: 0/7
  2781 | D:3      | Slain by a gnoll

Illustrated notes

Levels and vault maps discovered:
D:1:      dpeg_arrival_rhombus, layout_loops_ring,
          chequers_ecumenical_altar_simple_redux
D:2:      layout_loops_ring, chequers_mini_garden, grunt_ministairs_1,
          kennysheep_potato
D:3:      layout_basic, serial_shops, nicolae_shop_overgrown_old_shop,
          minmay_ogre_servants

Skill      XL: |  1  2  3 |
---------------+----------+-----
Stealth        | 3 |  3.6
Poison Magic   | 4 |  4.2
Dodging        | |  2.5
Spellcasting   | |  2.5
Transmutations | |  1.9

Action                   |  1- 3 |  4- 6 || total
-------------------------+-------+-------++-------
Melee: Unarmed           |     8 |       ||     8
       Constrict         |    12 |     2 ||    14
       Tentacles         |     8 |     1 ||     9
       Short sword       |    29 |     5 ||    34
 Cast: Sting             |    40 |       ||    40
       Poisonous Vapours |    22 |       ||    22
  Use: Scroll            |     9 |       ||     9
Armor: Skin              |     4 |       ||     4
Dodge: Dodged            |    31 |     1 ||    32

Table legend: (Time is in decaauts)
 A = Elapsed time spent in this place.
 B = Non-inter-level travel time spent in this place.
 C = Inter-level travel time spent in this place.
 D = Time resting spent in this place.
 E = Time spent auto-exploring this place.
 F = Levels seen in this place.
 G = Mean time per level.
                   A        B        C        D        E       F      G
               +--------+--------+--------+--------+--------+-----+--------+
         Total |   2783 |   2686 |     97 |    493 |   1781 |   3 |  927.7 |
       Dungeon |   2783 |   2686 |     97 |    493 |   1781 |   3 |  927.7 |
               +--------+--------+--------+--------+--------+-----+--------+

Top non-repeatable levels by time:
     D:1: 1493 daAuts
     D:2: 1277 daAuts
     D:3: 12 daAuts
